Map: Ley Lines

Players

llllllllllll

  • Race: Terran Terran
  • League: Diamond
  • Spawn Location: 7:00

wootwoot - Winner!

  • Race: Zerg Zerg
  • League: Diamond
  • Spawn Location: 1:00

VOD

Have the link to the VOD?

Description

Time

  • Played on: April 22, 2025, 6:05 a.m.
  • Length: 3:40
Show
View Real Time Build Order
Export as new Build Order

llllllllllll Terran 

Build Orders:  

Get SALT Encoding   

  12  0:00  SCV  
  13  0:13  SCV  
  14  0:20  Supply Depot  
  14  0:25  SCV  
  15  0:31  Refinery  
  15  0:42  SCV  
  16  0:47  Barracks  
  16  0:59  SCV  
  17  1:11  SCV  
  18  1:23  SCV  
  19  1:39  Command Center  
  19  1:49  Marine  
  20  1:56  Factory  
  20  1:59  Supply Depot  
  20  2:11  Marine  
  21  2:24  Bunker  
  21  2:30  Orbital Command  
  21  2:35  Refinery  
  21  2:39  Refinery  
  21  2:48  Factory Tech Lab  
  21  2:56  Orbital Command  
  21  3:03  SCV  
  23  3:15  SCV  
  24  3:23  SCV  
  25  3:27  SCV  
Show
View Real Time Build Order
Export as new Build Order

wootwoot Zerg - Winner!

Build Orders: Hatch First 

Get SALT Encoding   

  12  0:00  Drone  
  13  0:12  Overlord  
  13  0:16  Drone  
  14  0:31  Drone x2  
  16  0:47  Hatchery  
  15  0:50  Drone  
  15  0:54  Drone  
  15  0:56  Drone  
  18  1:00  Extractor  
  17  1:14  Spawning Pool  
  17  1:17  Drone  
  17  1:21  Drone  
  18  1:28  Drone  
  19  1:39  Overlord  
  19  2:01  Metabolic Boost  
  19  2:02  Queen x2  
  19  2:04  Zergling x2  
  25  2:08  Zergling x2  
  25  2:13  Zergling x2  
  25  2:14  Zergling x2  
  27  2:17  Zergling x2  
  27  2:22  Zergling x2  
  29  2:24  Zergling x2  
  30  2:32  Baneling Nest  
  30  2:35  Drone  
  30  2:42  Zergling x2  
  30  2:43  Overlord  
  31  2:48  Zergling x2  
  32  2:57  Zergling x4  
  34  3:06  Zergling x4  
  34  3:11  Zergling x2  
  37  3:16  Baneling x6  
  37  3:21  Zergling x4  
Tags
 
Matchup
TvZ
Replay Pack
#1B2M-Replays
Spawn Locations
Cross Positions
Add a new tag
Caveats
  • Supply blocks, unpowered buildings, or Contaminate may cause inaccurate times.
  • Supply counts are checked every 10 seconds.